 Dungeon Crawl Stone Soup version 0.30.1-11-g7821555f0a (webtiles) character file.

Game seed: 18292209313382856786

1361 lonewolfV2 the Ducker (level 8, -4/62 HPs)
             Began as a Formicid Fighter on Nov 3, 2023.
             Killed by divine providence
             ... invoked by an orc priest
              (14 damage)
             ... on level 6 of the Dungeon.
             The game lasted 00:09:11 (4466 turns).

lonewolfV2 the Ducker (Formicid Fighter)            Turns: 4466, Time: 00:09:12

Health: -4/62      AC: 10    Str: 23    XL:     8   Next: 96%
Magic:  8/8        EV:  8    Int:  8    God:
Gold:   261        SH: 13    Dex: 13    Spells: 7/7 levels left

rFire   + . .        h - +4 flail (drain)
rCold   . . .        y - +0 tower shield
rNeg    . . .        n - +0 chain mail
rPois   .            (helmet unavailable)
rElec   .            (no cloak)
rCorr   .            j - +0 pair of gloves
SInv    +            (no boots)
Will    .....        (no amulet) Stlth
                     e - ring of protection from fire
HPRegen 0.30/turn    (no ring)
MPRegen 0.11/turn

%: no passive effects
@: no status effects
A: permanent stasis, dig shafts and tunnels, antennae 3, four strong arms,
screaming 1, no potion heal 1
a: Dig, Shaft Self


You were on level 6 of the Dungeon.
You visited 1 branch of the dungeon, and saw 6 of its levels.
You also visited: Sewer.

You collected 310 gold pieces.
You spent 49 gold pieces at shops.

Inventory:

Hand Weapons
 a - a +0 war axe
 h - a +4 flail of draining (weapon)
Missiles
 b - 2 throwing nets
Armour
 j - a +0 pair of gloves (worn)
 n - a +0 chain mail (worn)
 y - a +0 tower shield (worn)
Jewellery
 e - a ring of protection from fire (left hand)
Wands
 m - a wand of polymorph (13)
Scrolls
 f - a scroll of magic mapping
 s - a scroll of immolation
 u - 2 scrolls of fear
Potions
 c - 3 potions of degeneration
 d - 2 potions of might
 g - a potion of attraction
 i - 3 potions of heal wounds
 l - a potion of haste
 o - a potion of resistance {unknown}
 p - a potion of brilliance {unknown}
 q - 4 potions of ambrosia
 t - 3 potions of curing
 v - a potion of flight {unknown}
 w - a potion of berserk rage {unknown}


   Skills:
 - Level 5.0 Fighting
 - Level 2.5(4.0) Axes
 - Level 4.6(5.0) Maces & Flails
 - Level 3.2 Armour
 * Level 7.3 Dodging
 - Level 4.0 Shields


You had 7 spell levels left.
You didn't know any spells.
Your spell library contained the following spells:

 Spells                   Type           Power      Damage    Failure   Level
 Freeze                   Ice            0%         1d3       100%        1
 Sandblast                Erth           0%         2d4       100%        1
 Passwall                 Tmut/Erth      0%         N/A       100%        2
 Stone Arrow              Conj/Erth      0%         3d7       100%        3
 Metabolic Englaciation   Hex/Ice        0%         N/A       100%        5
 Fire Storm               Conj/Fire      0%         5d1       100%        9


Dungeon Overview and Level Annotations

Branches:
Dungeon (6/15)              Sewer (visited)
 Temple: D:4-7

Altars:

Shops:
D:2 [:[*   D:4 :(?:


Innate Abilities, Weirdness & Mutations

You cannot be hasted, slowed, berserked, paralysed or teleported.
You can dig through walls and to a lower floor.
You have a pair of large antennae on your head. (SInv)
Your four strong arms can wield two-handed weapons with a shield.
You occasionally shout uncontrollably at your foes.
Potions are less effective at restoring your health.


Message History

The orc shouts!
You thump the bullfrog zombie!
The bullfrog zombie is moderately damaged.
The centaur skeleton hits you but does no damage.
The centaur skeleton completely misses you.
You block the orc wizard's attack. You block the bullfrog zombie's attack.
The bullfrog zombie hits you but does no damage.
You block the centaur skeleton's attack. x2
The orc wizard casts a spell at you. The puff of flame hits you. You resist.
* * * LOW HITPOINT WARNING * * *
The bullfrog zombie barely misses you.
An orc priest comes into view. It is wielding a +0 hand axe.
The orc priest shouts!
You sock the bullfrog zombie!
The bullfrog zombie is moderately damaged.
The bullfrog zombie hits you but does no damage.
You block the centaur skeleton's attack.
The centaur skeleton kicks you but does no damage.
The bullfrog zombie barely misses you. The bullfrog zombie hits you.
* * * LOW HITPOINT WARNING * * *
The orc wizard hits you but does no damage.
The bullfrog zombie barely misses you. The centaur skeleton barely misses you.
The centaur skeleton kicks you but does no damage.
The bullfrog zombie hits you but does no damage.
The centaur skeleton hits you.
* * * LOW HITPOINT WARNING * * *
The centaur skeleton kicks you.
* * * LOW HITPOINT WARNING * * *
The bullfrog zombie barely misses you.
You block the centaur skeleton's attack.
The centaur skeleton barely misses you.
You see here a scorpion corpse.
The orc wizard attacks as you move away!
You block the orc wizard's attack.
The orc priest attacks as you move away!
The orc priest hits you but does no damage.
The orc priest invokes the aid of Beogh against you.
Beogh smites you!
You die...

.........
.....#
########...#
...o..o....#
######Z...#
#Z...#
#ooZ.#
#....#
#@...#
#....#
#....#
#....#
#....#
.....#
##...# ...#


You could see an orc priest, an orc wizard, an orc, 2 bullfrog zombies and a
centaur skeleton.

Vanquished Creatures
  A water moccasin (Sewer)
  An ice beast (D:6)
  2 centaurs (D:5)
  A phantom (D:5)
  A gnoll sergeant (D:5)
  3 scorpions
  A howler monkey (D:5)
  A bullfrog zombie (D:6)
  3 hounds (D:4)
  An orc priest (D:6)
  A gnoll bouda (D:5)
  4 iguanas
  A bullfrog skeleton (D:6)
  15 gnolls (D:5)
  5 adders
  2 white imps (D:5)
  2 worms
  A dart slug (D:1)
  9 orcs
  4 ball pythons
  5 bats
  7 endoplasms
  4 giant cockroaches
  13 goblins
  18 hobgoblins
  6 jackals
  6 quokkas
  3 training dummies (D:4)
  6 frilled lizards
  13 kobolds
  5 rats
145 creatures vanquished.

Notes
Turn   | Place    | Note
-------+----------+-------------------------------------------
     0 | D:1      | lonewolfV2 the Formicid Fighter began the quest for the
                  | Orb.
     0 | D:1      | Reached XP level 1. HP: 18/18 MP: 1/1
   176 | D:1      | Reached XP level 2. HP: 24/24 MP: 2/2
   471 | D:1      | Got the Grimoire of Numb Destruction
   507 | D:1      | Reached skill level 1 in Maces & Flails
   624 | D:1      | Reached XP level 3. HP: 30/30 MP: 3/3
   975 | D:2      | Found Erool's Antique Armour Emporium.
  1066 | D:2      | Found Muic's Assorted Antiques.
  1074 | D:2      | Found Hilerice's Book Emporium.
  1271 | D:2      | Reached XP level 4. HP: 37/37 MP: 4/4
  1327 | D:2      | Found Fulaoleo's Armour Boutique.
  1334 | D:2      | Bought a +0 kite shield for 49 gold pieces
  2243 | D:4      | Reached XP level 5. HP: 42/42 MP: 5/5
  2257 | D:4      | Found Umopys's Magic Scroll Shoppe.
  2283 | D:4      | Found Bies's Firing Range.
  2423 | D:4      | Found Kuedo's Book Shoppe.
  2549 | D:4      | Reached XP level 6. HP: 48/50 MP: 6/6
  2835 | D:4      | Found Teelog's Book Shoppe.
  2970 | D:4      | Reached skill level 5 in Fighting
  3096 | D:5      | Entered Level 5 of the Dungeon
  3178 | D:5      | Reached skill level 1 in Dodging
  3185 | D:5      | Reached skill level 2 in Dodging
  3185 | D:5      | Reached XP level 7. HP: 15/56 MP: 7/7
  3258 | D:5      | Reached skill level 3 in Dodging
  3335 | D:5      | Found a glowing drain.
  3357 | Sewer    | Entered a sewer
  3406 | Sewer    | Noticed a water moccasin
  3413 | Sewer    | Killed a water moccasin
  3414 | Sewer    | Reached skill level 4 in Dodging
  3503 | D:5      | Reached XP level 8. HP: 52/62 MP: 8/8
  3529 | D:5      | Reached skill level 5 in Dodging
  3948 | D:5      | Reached skill level 6 in Dodging
  4380 | D:5      | Gained mutation: Potions are less effective at restoring
                  | your health. [potion of mutation]
  4380 | D:5      | Gained mutation: You occasionally shout uncontrollably at
                  | your foes. [potion of mutation]
  4447 | D:6      | Reached skill level 7 in Dodging
  4466 | D:6      | Killed from afar by an orc priest

Illustrated notes

Levels and vault maps discovered:
D:1:      moated_graveyard_arrival, layout_loops_ring, minmay_pentomino_t2
D:2:      layout_basic, serial_shops, shop, nicolae_shop_statue_plus, shop,
          shop, feat_on_display
D:3:      layout_basic
D:4:      layout_loops_corners, serial_shops, shop, nicolae_diamond_shop, shop,
          grunt_ministairs_5, nicolae_shop_firing_range
D:5:      corexii_shantytown, layout_basic, cheibrodos_sewer_entry_bend
D:6:      layout_basic, nicolae_tso_besieged_by_evil, serial_undead,
          serial_undead_e, serial_undead_b, serial_undead_c, serial_undead_e,
          serial_undead_b, serial_undead_a, serial_undead_b, serial_undead_d

Skill      XL: |  1  2  3  4  5  6  7  8 |
---------------+-------------------------+-----
Maces & Flails | 1 2 4 |  4.6
Fighting       | 4 5 |  5.0
Dodging        | 2 4 7 |  7.3
Axes           | |  2.5
Armour         | |  3.2
Shields        | |  4.0

Action                     |  1- 3 |  4- 6 |  7- 9 || total
---------------------------+-------+-------+-------++-------
  Melee: War axe           |    28 |       |       ||    28
         Flail             |    93 |   105 |   179 ||   377
    Use: Scroll            |     6 |    10 |     3 ||    19
         Potion            |       |       |     1 ||     1
 Armour: Scale mail        |    56 |    16 |       ||    72
         Chain mail        |       |    43 |   100 ||   143
  Dodge: Dodged            |    50 |    39 |    94 ||   183
  Block: Buckler           |    31 |       |       ||    31
         Kite shield       |       |    59 |    73 ||   132
         Tower shield      |       |       |    99 ||    99
